 Dungeon Crawl Stone Soup version 0.28-a0-793-g31680bbd8b (webtiles) character file.

Game seed: 12444355908620395778

1861 spiderkeys the Nimble (level 8, -5/40 HPs)
             Began as a Felid Abyssal Knight on Nov 4, 2021.
             Was a Priest of Lugonu.
             Shot with an arrow by a centaur (11 damage)
             ... on level 9 of the Dungeon.
             The game lasted 00:18:15 (9405 turns).

spiderkeys the Nimble (Felid Abyssal Knight)        Turns: 9405, Time: 00:18:16

Health: -5/40      AC:  2    Str: 15    XL:     8   Next: 89%
Magic:  22/22      EV: 23    Int: 17    God:    Lugonu [***...]
Gold:   152        SH:  0    Dex: 18    Spells: 7/7 levels left
                                        Lives:  0   Deaths: 2

rFire   + . .      SeeInvis +     - Unarmed
rCold   x . .      Faith    .   (shield unavailable)
rNeg    . . .      Spirit   .   (armour unavailable)
rPois   +          Reflect  .   (helmet unavailable)
rElec   .          Harm     .   (cloak unavailable)
rCorr   .          Rampage  .   (gloves unavailable)
Will    +....                   (boots unavailable)
Stlth   ++++......              A - amulet of the acrobat
HPRegen 0.13/turn               l - ring "Baegepp" {rPois rF+ rC- Str+6 Int+4}
MPRegen 0.18/turn               W - ring of magical power

@: mesmerised, quick
A: very small, claws 1, fangs 3, see invisible, speed 1, shaggy fur 2, stealthy
paws, no weapons or thrown items, no armour, multi-lived
a: Renounce Religion, Depart the Abyss, Bend Space, Banish


You were on level 9 of the Dungeon.
You worshipped Lugonu.
Lugonu was most pleased with you.
You visited 1 branch of the dungeon, and saw 10 of its levels.
You visited the Abyss 1 time.

You collected 1122 gold pieces.
You spent 970 gold pieces at shops.


Innate Abilities, Weirdness & Mutations

You have sharp claws.
You have razor-sharp teeth.
You have supernaturally acute eyesight. (SInv)
You cover ground quickly. (Speed+)
You are covered in thick fur. (AC +2)
Your paws help you pounce on unaware monsters.
You are incapable of wielding weapons or throwing items.
You cannot wear armour.
You gain extra lives every three experience levels.


   Skills:
 + Level 7.0 Fighting
 + Level 8.9 Dodging
 + Level 7.1 Stealth
 + Level 6.7 Unarmed Combat
 + Level 6.6 Invocations
 - Level 5.0 Evocations


You had 7 spell levels left.
You didn't know any spells.
Your spell library contained the following spells:

 Spells                   Type           Power      Damage    Failure   Level
 Blink                    Tloc           0%         N/A       34%         2
 Corpse Rot               Necr/Air       0%         N/A       34%         2
 Lesser Beckoning         Tloc           0%         N/A       56%         3
 Dispel Undead            Necr           0%         3d6       93%         4
 Manifold Assault         Tloc           0%         N/A       100%        5
 Death Channel            Necr           0%         N/A       100%        6

Inventory:

Jewellery
 l - the ring "Baegepp" (left paw) {rPois rF+ rC- Str+6 Int+4}
   (You bought it in a shop on level 3 of the Dungeon)

   [ring of strength]

   Str:       It affects your strength (+6).
   Int:       It affects your intelligence (+4).
   rF:        It protects you from fire.
   rC:        It makes you vulnerable to cold.
   rPois:     It protects you from poison.
 A - an amulet of the acrobat (around neck)
   (You found it on level 4 of the Dungeon)
 I - a +6 ring of intelligence
   (You found it on level 7 of the Dungeon)
 W - a ring of magical power (right paw)
   (You found it on level 7 of the Dungeon)
Wands
 e - a wand of polymorph (2)
   (You took it off Ijyb on level 3 of the Dungeon)
Scrolls
 c - 2 scrolls of vulnerability {!r!r}
 d - 4 scrolls of fog
 h - a scroll of fear
 o - a scroll of immolation {!r!r}
Potions
 a - 2 potions of brilliance
 b - a potion of might
 g - a potion of degeneration {!q}
 i - 4 potions of haste {@q3}
 k - a potion of magic {unknown}

Dungeon Overview and Level Annotations

Branches:
Dungeon (10/15)            Temple (0/1) D:7
   Lair: D:8-11         Orc: D:9-12

Altars:
Dithmenos
Okawaru
Sif Muna
Uskayaw
Wu Jian
Xom
Yredelemnul
Zin
The Shining One

Shops:
D:3 =*?=[   D:7 :   D:9 =

Annotations:
D:9 Maggie
Abyss:1 Joseph, Snorg

######### #.......#
#.......# #.......#
#.......# #)...@..#
#.......# #....@..#
#.......# #..c....#
#.......# +.......#
############.......#
...#...............+
...#...c...........#
...'...............#


You could see Maggie (mesmerising) and a centaur.


Message History

There is an open door here. 😕 HP[+1]
The centaur shoots an arrow.
The arrow barely misses you.
The centaur shoots an arrow.
The arrow completely misses you.
There is an open door here.
The centaur shoots an arrow.
The arrow closely misses you. 😕 HP[+1]
The centaur shoots an arrow.
The arrow completely misses you.
Maggie the Vainglorious comes into view.
She is wielding a +0 halberd of flaming and carrying a wand of flame (21).
Okay, then.
Maggie shouts!
The centaur shoots an arrow.
The arrow completely misses you.
Maggie zaps a wand.
The puff of flame misses you. 😕 HP[+1]
Aiming: Corrosive Bolt
Press: ? - help, Shift-Dir - straight line, f - Maggie
Aim: Maggie, wielding a +0 halberd of flaming, wearing +0 acid dragon scales and carrying a wand of flame (20) (74% to hit)
The bolt of acid hits Maggie.
Maggie casts a spell.
Maggie attempts to bespell you!
You are mesmerised by Maggie!
Aiming: Corrosive Bolt
Press: ? - help, Shift-Dir - straight line, f/p - Maggie
Aim: Maggie, wielding a +0 halberd of flaming, wearing +0 acid dragon scales and carrying a wand of flame (20) (lightly wounded, mesmerising, 74% to hit)
The bolt of acid hits Maggie!
The centaur shoots an arrow.
The arrow hits you. 😕 HP[-4]
You take 4 damage, and now have 33/40 hp.
Aiming: Corrosive Bolt
Press: ? - help, Shift-Dir - straight line, f/p - Maggie
Aim: Maggie, wielding a +0 halberd of flaming, wearing +0 acid dragon scales and carrying a wand of flame (20) (moderately wounded, mesmerising, 74% to hit)
The bolt of acid hits Maggie!
The centaur shoots an arrow.
The arrow barely misses you.
Aiming: Corrosive Bolt
Press: ? - help, Shift-Dir - straight line, f/p - Maggie
Aim: Maggie, wielding a +0 halberd of flaming, wearing +0 acid dragon scales and carrying a wand of flame (20) (moderately wounded, mesmerising, 74% to hit)
The bolt of acid hits Maggie.
The centaur shoots an arrow.
The arrow closely misses you.
The centaur shoots an arrow.
The arrow misses you.
Maggie hits you from afar with a +0 halberd of flaming!
Maggie burns you. 😮 HP[-8]
You take 8 damage, and now have 25/40 hp.
Okay, then.
Aiming: Corrosive Bolt
Press: ? - help, Shift-Dir - straight line, f/p - Maggie
Aim: Maggie, wielding a +0 halberd of flaming, wearing +0 acid dragon scales and carrying a wand of flame (20) (heavily wounded, mesmerising, 74% to hit)
The bolt of acid hits Maggie!
Maggie says, "Leave now, and tell all of Margery's mercy!"
Maggie gestures wildly while chanting.
Maggie draws you further into her thrall.
Aiming: Corrosive Bolt
Press: ? - help, Shift-Dir - straight line, f/p - Maggie
Aim: Maggie, wielding a +0 halberd of flaming, wearing +0 acid dragon scales and carrying a wand of flame (20) (severely wounded, mesmerising, 74% to hit)
The bolt of acid hits Maggie.
The centaur shoots an arrow.
The arrow hits you!
* * * LOW HITPOINT WARNING * * *
Maggie points at you and mumbles some strange words.
The bolt of fire misses you. 😨 HP[-11]
You take 11 damage, and now have 14/40 hp.
MASSIVE DAMAGE!! (PAUSE)
Aiming: Corrosive Bolt
Press: ? - help, Shift-Dir - straight line, f/p - Maggie
Aim: Maggie, wielding a +0 halberd of flaming, wearing +0 acid dragon scales and carrying a wand of flame (20) (severely wounded, mesmerising, 74% to hit)
The bolt of acid hits Maggie.
The centaur shoots an arrow.
The arrow hits you!
* * * LOW HITPOINT WARNING * * *
Maggie closely misses you. 😱 HP[-12]
You take 12 damage, and now have 2/40 hp.
MASSIVE DAMAGE!! (PAUSE)
You feel much better.
The centaur shoots an arrow.
The arrow closely misses you.
The centaur shoots an arrow.
The arrow barely misses you. Maggie completely misses you. 😮 HP[+20]
You regained 20 hp, and now have 22/40 hp.
Aiming: Corrosive Bolt
Press: ? - help, Shift-Dir - straight line, f/p - Maggie
Aim: Maggie, wielding a +0 halberd of flaming, wearing +0 acid dragon scales and carrying a wand of flame (20) (almost dead, mesmerising, 74% to hit)
The bolt of acid hits Maggie.
The now-empty wand crumbles to dust.
The centaur shoots an arrow.
The arrow hits you.
* * * LOW HITPOINT WARNING * * *
Maggie hits you from afar with a +0 halberd of flaming!
* * * LOW HITPOINT WARNING * * *
Maggie burns you.
* * * LOW HITPOINT WARNING * * *
😱 HP[-16]
You take 16 damage, and now have 6/40 hp.
MASSIVE DAMAGE!! (PAUSE)
Okay, then.
You don't have any such object.
Evoke which item? (* to show all) (? for menu, Esc to quit)
You don't have any such object.
Evoke which item? (* to show all) (? for menu, Esc to quit)
Okay, then.
Aiming: Polymorph
Press: ? - help, Shift-Dir - straight line, f - centaur, p - Maggie
Aim: a centaur, wielding a +0 shortbow and quivering arrows (will become a hound, a bullfrog, or a boggart, chance to affect: 61%)
The centaur resists with significant effort.
The centaur shoots an arrow.
The arrow hits you!
You die...

Skill      XL: |  1  2  3  4  5  6  7  8  9 |
---------------+----------------------------+-----
Fighting       | 4 5 6 7 |  7.0
Dodging        | 5 6 7 8 |  8.9
Unarmed Combat | 3 4 5 6 |  6.7
Invocations    | 3 4 5 6 |  6.6
Evocations     | 3 4 5 |  5.0
Stealth        | 1 3 5 7 |  7.1

Action                   |  1- 3 |  4- 6 |  7- 9 || total
-------------------------+-------+-------+-------++-------
Melee: Unarmed           |       |    43 |   384 ||   427
       Bite              |       |     7 |    25 ||    32
       Punch             |       |       |     9 ||     9
Invok: Banish            |       |       |     2 ||     2
       Bend Space        |       |       |     1 ||     1
Evoke: Wand              |     2 |    10 |    38 ||    50
  Use: Scroll            |     1 |       |    13 ||    14
       Potion            |       |     1 |     7 ||     8
 Stab: Sleeping          |       |     3 |    12 ||    15
       Distracted        |       |       |     1 ||     1
Armor: Skin              |       |       |    21 ||    21
Dodge: Dodged            |       |    30 |   431 ||   461

Levels and vault maps discovered:
D:1:      sevenhm_arrival_forest_fort_large_4, layout_loops_corners,
          shapermc_ecumenical_altar_mp_vishouse, grunt_decor_mini_mirrors,
          minmay_split_cup_large
D:2:      layout_rooms, uniq_jessica
D:3:      layout_loops_ring, okawaru_altar_gauntlet_db,
          nicolae_uskayaw_en_pointe, serial_shops,
          nicolae_shop_overgrown_old_shop, nicolae_diamond_shop, shop, shop,
          shop, minmay_pentomino_pile, uniq_ijyb, uniq_robin
D:4:      layout_cave_pools, minmay_joined_circles, uniq_eustachio
D:5:      layout_loops_corners, st_stairs_8, kennysheep_generic_room_10
D:6:      layout_gridville, pdpol_wu_jian_five_deadly_venoms,
          chequers_serial_rivers_small_a, minmay_misc_feat_tower
D:7:      layout_basic, zin_academy, minmay_temple_entry_tees, serial_shops,
          shop, uniq_joseph, uniq_menkaure, uniq_pikel
D:8:      layout_basic, bloody_makhleb, lair_entry_dummy
D:9:      nicolae_whirlpool, layout_grid_maze, kennysheep_mini,
          amcnicky_altar_gilded, serial_shops, shop, uniq_grum, uniq_maggie
D:10:     layout_rooms, doesnt_xom_only_xom, uniq_fannar, uniq_snorg

Notes
Turn   | Place    | Note
-------+----------+-------------------------------------------
     0 | Abyss:1  | spiderkeys the Felid Abyssal Knight began the quest for the
                  | Orb.
     0 | Abyss:1  | Reached XP level 1. HP: 10/10 MP: 3/3
     0 | Abyss:1  | magus.rc [v1.9.10]
    40 | Abyss:2  | Noticed a large abomination
    82 | Abyss:2  | Noticed an ancient zyme
    83 | Abyss:3  | Noticed a raiju
    83 | Abyss:3  | Noticed a vampire mage
    83 | Abyss:3  | Noticed a glowing orange brain
    84 | Abyss:3  | Noticed a hellwing
    87 | Abyss:3  | Noticed a lich
    94 | Abyss:3  | Noticed a neqoxec
    96 | Abyss:3  | Noticed an Executioner
    96 | Abyss:3  | Killed a glowing orange brain
    97 | Abyss:3  | Reached skill level 4 in Fighting
    97 | Abyss:3  | Reached skill level 5 in Dodging
    97 | Abyss:3  | Reached skill level 3 in Unarmed Combat
    97 | Abyss:3  | Reached skill level 3 in Invocations
    97 | Abyss:3  | Reached skill level 3 in Evocations
    97 | Abyss:3  | Reached XP level 2. HP: 15/15 MP: 3/5
    97 | Abyss:3  | Reached XP level 3. HP: 18/18 MP: 3/6
    97 | Abyss:3  | Reached XP level 4. HP: 22/22 MP: 3/7
    97 | Abyss:3  | Reached XP level 5. HP: 25/25 MP: 3/8
    97 | Abyss:3  | Gained mutation: You are covered in thick fur. (AC +2)
                  | [Felid growth]
    97 | Abyss:3  | Reached XP level 6. HP: 29/29 MP: 3/9
    97 | Abyss:3  | Reached XP level 7. HP: 33/33 MP: 3/10
    99 | Abyss:3  | Noticed a large abomination
    99 | Abyss:3  | Killed a raiju
   100 | Abyss:3  | Reached skill level 4 in Unarmed Combat
   102 | D:1      | You pass through the gate.
   102 | D:1      | Escaped the Abyss
   615 | D:1      | Reached skill level 4 in Invocations
   803 | D:1      | Found a faded altar of an unknown god.
   832 | D:1      | Reached ** piety under Lugonu
  1348 | D:2      | Noticed Jessica
  1365 | D:2      | Killed Jessica
  1664 | D:2      | HP: 8/33 [poisoned by a kobold]
  1668 | D:2      | HP: 3/33 [poisoned by a kobold]
  1670 | D:2      | HP: 1/33 [poisoned by a kobold]
  1671 | D:2      | Succumbed to a kobold's poison
  1672 | D:2      | Reached XP level 6. HP: 0/29 MP: 10/10
  1914 | D:3      | Found Duhadd's General Store.
  1920 | D:3      | Bought a potion of curing for 33 gold pieces
  1928 | D:3      | Found Sidghi Qyrah's Magic Scroll Shop.
  2056 | D:3      | Reached skill level 1 in Stealth
  2124 | D:3      | Noticed Ijyb
  2142 | D:3      | Killed Ijyb
  2143 | D:3      | Reached skill level 6 in Dodging
  2143 | D:3      | Reached skill level 4 in Evocations
  2209 | D:3      | You fall into a shaft and drop 3 floors!
  2344 | D:5      | Entered Level 5 of the Dungeon
  2361 | D:5      | Reached XP level 7. HP: 13/33 MP: 11/11
  2580 | D:5      | Reached skill level 5 in Fighting
  2680 | D:5      | HP: 7/33 [ice beast (14)]
  2682 | D:5      | Reached skill level 2 in Stealth
  3753 | D:5      | HP: 5/33 [iguana (11)]
  4080 | D:4      | Noticed a steam dragon
  4080 | D:4      | a swamp drake changed into a steam dragon
  4086 | D:4      | Noticed Eustachio
  4120 | D:4      | HP: 8/33 [hound (2)]
  4137 | D:4      | Reached skill level 3 in Stealth
  4414 | D:4      | Killed a steam dragon
  4415 | D:4      | Reached XP level 8. HP: 23/37 MP: 12/12
  4419 | D:4      | Killed Eustachio
  4420 | D:4      | Reached skill level 5 in Unarmed Combat
  4766 | D:3      | Found a hide-covered altar of Uskayaw.
  4766 | D:3      | Noticed a +0 spear
  4766 | D:3      | Noticed a +0 falchion
  4766 | D:3      | Noticed a +0 dagger
  4767 | D:3      | Noticed a +0 falchion
  4768 | D:3      | Noticed a +0 dagger
  4768 | D:3      | Noticed a +0 short sword
  4769 | D:3      | Noticed a +0 short sword
  4769 | D:3      | Noticed a +0 spear
  4927 | D:3      | Noticed Robin
  4929 | D:3      | Killed Robin
  4983 | D:3      | Found Osefesul's Jewellery Shoppe.
  5000 | D:3      | Identified a scroll of acquirement
  5002 | D:3      | Acquired 554 gold pieces
  5029 | D:3      | Reached skill level 5 in Evocations
  5062 | D:3      | Found an iron altar of Okawaru.
  5069 | D:3      | Reached *** piety under Lugonu
  5071 | D:3      | Reached skill level 5 in Invocations
  5237 | D:3      | Found Ponoytt's Antique Armour Emporium.
  5347 | D:3      | Found Istro's Jewellery Shop.
  5472 | D:4      | Identified the +0 kite shield of Lugonu {+Inv Dex+4}
  5644 | D:4      | You pick up a book of Decay and begin reading...
  5644 | D:4      | You add the spells Corpse Rot, Dispel Undead and Death
                  | Channel to your library.
  5681 | D:4      | You pick up a book of Spatial Translocations and begin
                  | reading...
  5681 | D:4      | You add the spells Blink, Lesser Beckoning and Manifold
                  | Assault to your library.
  5848 | D:5      | Reached skill level 7 in Dodging
  5848 | D:5      | Reached skill level 4 in Stealth
  6192 | D:3      | Bought the ring "Baegepp" {rPois rF+ rC- Str+6 Int+4} for
                  | 937 gold pieces
  6271 | D:6      | Found an ornate altar of the Wu Jian Council.
  6987 | D:6      | HP: 9/38 [sky beast (4)]
  6987 | D:6      | HP: 3/38 [sky beast (6)]
  7658 | D:7      | Noticed Pikel
  7818 | D:7      | Found a glowing silver altar of Zin.
  7861 | D:7      | Found Vuim Gagil's Book Shop.
  7869 | D:7      | Noticed Joseph
  7871 | D:7      | Banished Joseph
  7872 | D:7      | Reached skill level 6 in Fighting
  7872 | D:7      | Reached skill level 5 in Stealth
  7872 | D:7      | Reached XP level 9. HP: 41/41 MP: 14/14
  8027 | D:6      | HP: 5/41 [killer bee (7)]
  8027 | D:6      | HP: 1/41 [killer bee (4)]
  8031 | D:6      | Reached skill level 6 in Unarmed Combat
  8037 | D:6      | Reached skill level 8 in Dodging
  8259 | D:7      | Found a staircase to the Ecumenical Temple.
  8265 | D:7      | Noticed Menkaure
  8277 | D:7      | Killed Menkaure
  8362 | D:7      | Reached skill level 6 in Invocations
  8369 | D:7      | Reached skill level 6 in Stealth
  8432 | D:7      | Killed Pikel
  8842 | D:8      | You fall into a shaft and drop 2 floors!
  8842 | D:10     | Entered Level 10 of the Dungeon
  8842 | D:10     | Noticed Snorg
  8847 | D:10     | Banished Snorg
  8848 | D:10     | Reached skill level 7 in Fighting
  8848 | D:10     | Reached skill level 7 in Stealth
  9008 | D:10     | Found a burning altar of Makhleb.
  9010 | D:10     | Found a shimmering altar of Xom.
  9010 | D:10     | Found a shadowy altar of Dithmenos.
  9012 | D:10     | Found a shimmering blue altar of Sif Muna.
  9012 | D:10     | Found a hide-covered altar of Uskayaw.
  9012 | D:10     | Found a basalt altar of Yredelemnul.
  9023 | D:10     | Noticed a two-headed ogre
  9046 | D:10     | Noticed a two-headed ogre
  9064 | D:9      | HP: 8/43 [two-headed ogre (24)]
  9068 | D:9      | Slain by a two-headed ogre
  9069 | D:9      | Reached XP level 8. HP: 0/40 MP: 22/22
  9069 | D:9      | Found Iwnuofya's Jewellery Boutique.
  9205 | D:9      | Found a glowing golden altar of the Shining One.
  9393 | D:9      | Noticed Maggie
  9402 | D:9      | HP: 2/40 [centaur/arrow (12)]
  9405 | D:9      | Shot with an arrow by a centaur

Vanquished Creatures
  Pikel (D:7)
  Eustachio (D:4)
  Menkaure (D:7)
  A steam dragon (D:4)
  An ice beast (D:5)
  A sky beast (D:6)
  A necrophage (D:7)
  An ogre (D:4)
  A centaur (D:7)
  2 phantoms
  2 lemures (D:7)
  A scorpion (D:3)
  A water moccasin zombie (D:5)
  A wyvern skeleton (D:7)
  A water moccasin skeleton (D:6)
  5 killer bees (D:6)
  A bullfrog zombie (D:6)
  A centaur zombie (D:7)
  2 orc priests (D:5)
  Jessica (D:2)
  Ijyb (D:3)
  An iguana (D:5)
  3 orc wizards
  A killer bee zombie (D:3)
  A hound zombie (D:5)
  Robin (D:3)
  7 adders
  A white imp (D:6)
  An ufetubus (D:5)
  2 worms
  8 orcs
  7 endoplasms
  4 giant cockroaches
  19 goblins
  10 hobgoblins
  2 jackals (D:1)
  5 quokkas
  10 ball pythons
  3 bats
  4 frilled lizards
  8 kobolds
  4 rats (D:1)
130 creatures vanquished.

Vanquished Creatures (collateral kills)
  A glowing orange brain (Abyss:3)
  A raiju (Abyss:3)
2 creatures vanquished.

Vanquished Creatures (others)
  A vampire mage (Abyss:3)
  A hound (D:4)
  A kobold (D:4)
3 creatures vanquished.

Grand Total: 135 creatures vanquished

Table legend:
 A = Non-vault XP
 B = Vault XP
 C = Vault XP percentage of total XP
 D = Non-vault monster count
 E = Vault monster count
 F = Vault count percentage of total count
                 A         B        C        D         E       F
            +---------+---------+-------+---------+---------+-------
      Total |    2158 |    3631 |  62.7 |      90 |      43 |  32.3
            +---------+---------+-------+---------+---------+-------
        D:1 |      34 |       5 |  12.8 |      22 |       4 |  15.4
        D:2 |      32 |      37 |  53.6 |      11 |       1 |   8.3
        D:3 |     149 |     101 |  40.4 |      11 |      21 |  65.6
        D:4 |     331 |     208 |  38.6 |      13 |      10 |  43.5
        D:5 |     497 |      33 |   6.2 |      13 |       1 |   7.1
        D:6 |     579 |       0 |   0.0 |      10 |       0 |   0.0
        D:7 |     536 |    1304 |  70.9 |      10 |       3 |  23.1
       D:10 |       0 |     936 | 100.0 |       0 |       1 | 100.0
    Abyss:3 |       0 |    1007 | 100.0 |       0 |       2 | 100.0
            +---------+---------+-------+---------+---------+-------

Illustrated notes

Table legend:
 A = Kills in this place as a percentage of kills in entire the game.
 B = Kills by you in this place as a percentage of kills by you in the entire game.
 C = Kills by friends in this place as a percentage of kills by friends in the entire game.
 D = Other kills in this place as a percentage of other kills in the entire game.
 E = Experience gained in this place as a percentage of experience gained in the entire game.
 F = Experience gained in this place divided by the number of levels of this place that you have seen.
                   A       B       C       D       E      F
               +-------+-------+-------+-------+-------+----------------------
         Total | 100.0 | 100.0 | 100.0 | 100.0 | 100.0 | 445.3
       Dungeon |  98.5 | 100.0 |   0.0 | 100.0 |  82.6 | 478.2
         Abyss |   1.5 |   0.0 | 100.0 |   0.0 |  17.4 | 335.7
               +-------+-------+-------+-------+-------+----------------------

Table legend: (Time is in decaauts)
 A = Elapsed time spent in this place.
 B = Non-inter-level travel time spent in this place.
 C = Inter-level travel time spent in this place.
 D = Time resting spent in this place.
 E = Time spent auto-exploring this place.
 F = Levels seen in this place.
 G = Mean time per level.
                   A        B        C        D        E       F      G
               +--------+--------+--------+--------+--------+-----+--------+
         Total |   8347 |   8080 |    267 |   1161 |   5519 |  13 |  642.1 |
       Dungeon |   8262 |   7995 |    267 |   1161 |   5504 |  10 |  826.2 |
         Abyss |     84 |     84 |      0 |      0 |     14 |   3 |   28.0 |
               +--------+--------+--------+--------+--------+-----+--------+

Top non-repeatable levels by time:
     D:5: 1612 daAuts
     D:6: 1442 daAuts
     D:4: 1220 daAuts
     D:1: 1028 daAuts
     D:7: 1010 daAuts
     D:3: 933 daAuts
     D:2: 505 daAuts
     D:9: 304 daAuts
    D:10: 198 daAuts
 Abyss:2: 47 daAuts
 Abyss:1: 19 daAuts
 Abyss:3: 16 daAuts
     D:8: 8 daAuts
